 Dungeon Crawl Stone Soup version 0.31.0-32-g396128a36d (webtiles) character file.

Game seed: 15789894475319323608

445 monsoonserge the Ruffian (level 7, -4/52 HPs)
             Began as a Gnoll Shapeshifter on Apr 3, 2024.
             Shot with an arrow by a centaur (10 damage)
             ... on level 5 of the Dungeon.
             The game lasted 00:08:14 (3367 turns).

monsoonserge the Ruffian (Gnoll Shapeshifter)       Turns: 3367, Time: 00:08:15

Health: -4/52      AC:  5    Str: 16    XL:     7   Next: 3%
Magic:  10/10      EV: 12    Int:  9    God:
Gold:   172        SH:  0    Dex: 11    Spells: 10/10 levels left

rFire   . .          .
                       - Unarmed
rCold   . . .        (no shield)
rNeg    . . .        k - +0 ring mail
rPois   .            (helmet currently unavailable)
rElec   .            (cloak currently unavailable)
rCorr   .            (gloves currently unavailable)
SInv    .            (boots currently unavailable)
Will    .....        (no amulet)
Stlth   +            (no ring)
HPRegen 0.28/turn    (no ring)
MPRegen 0.12/turn

%: no passive effects
@: beast-form
A: beast (slay +3), fangs 1, strong nose, distributed training
a: Begin Untransformation


You were on level 5 of the Dungeon.
You were a hulking beast.
You visited 1 branch of the dungeon, and saw 5 of its levels.

You collected 172 gold pieces.

Inventory:

Missiles
 n - 2 poisoned darts (quivered)
Armour
 a - a +0 animal skin
 k - a +0 ring mail (worn)
 m - a +0 chain mail
 s - a +0 scale mail
 u - a +0 cloak
Talismans
 c - a beast talisman (active)
 d - a flux talisman
Wands
 q - a wand of digging (3)
Scrolls
 b - a scroll of revelation {unknown}
 i - 4 scrolls of identify {unknown}
 r - a scroll of summoning {unknown}
 v - a scroll of teleportation {unknown}
Potions
 e - a potion of curing
 f - 2 potions of brilliance {unknown}
 g - 2 potions of attraction {unknown}
 h - a potion of might {unknown}
 j - 2 potions of degeneration {unknown}
 l - a potion of heal wounds {unknown}
 o - a potion of invisibility {unknown}
 p - a potion of mutation {unknown}
 t - a potion of berserk rage {unknown}


   Skills:
 + Level 3.5 Fighting
 + Level 2.3 Short Blades
 + Level 2.3 Long Blades
 + Level 2.3 Axes
 + Level 2.3 Maces & Flails
 + Level 2.3 Polearms
 + Level 2.3 Staves
 + Level 2.3 Ranged Weapons
 + Level 2.3 Throwing
 + Level 2.3 Armour
 + Level 5.1 Dodging
 + Level 2.3 Stealth
 + Level 2.3 Shields
 + Level 7.0 Unarmed Combat
 + Level 2.3 Spellcasting
 + Level 1.8 Conjurations
 + Level 1.8 Hexes
 + Level 1.8 Summonings
 + Level 1.8 Necromancy
 + Level 1.8 Translocations
 + Level 1.8 Fire Magic
 + Level 1.8 Ice Magic
 + Level 1.8 Air Magic
 + Level 1.8 Earth Magic
 + Level 1.8 Alchemy
 + Level 2.5 Invocations
 + Level 2.3 Evocations
 + Level 6.9 Shapeshifting


You had 10 spell levels left.
You didn't know any spells.
Your spell library contained the following spells:

 Spells                   Type           Power      Damage    Failure   Level
 Gell's Gravitas          Tloc           4%         N/A       63%         3
 Teleport Other           Tloc           4%         N/A       63%         3
 Dispersal                Tloc           2%         N/A       100%        6


Dungeon Overview and Level Annotations

Branches:
Dungeon (5/15)
 Temple: D:4-7

Altars:

Shops:
D:4 (

Annotations:
D:3 2 transporters, jimmypageman's ghost, amateur MiFi


Innate Abilities, Weirdness & Mutations

You are a hulking beast.
Your limbs bulge with bestial killing power. (Slay +3)
You have very sharp teeth.
Your uncanny sense of smell can sniff out nearby items.
Your experience applies equally to all skills.


Message History

You punch the jelly!
You kill the jelly!
Your Unarmed Combat skill increases to level 7!
You have reached level 7!
There is a stone staircase leading down here.
Things that are here:
a +0 whip; a +0 robe; a gnoll corpse You now have 172 gold pieces (gained 18).
Found an orcbow.
Found a stone staircase leading up.
Found a robe and 4 stones.
An iguana comes into view.
A bombardier beetle comes into view.
The iguana hisses angrily.
You hear a shout!
A centaur comes into view.
The centaur wields a +1 shortbow of flaming.
It bursts into flame!
The centaur shoots an arrow.
The arrow hits you. The arrow burns you.
You see here a +0 robe.
You punch the iguana! Your punch misses the iguana.
The iguana is heavily wounded.
The iguana bites you.
You hit the iguana.
The iguana is almost dead.
The centaur shoots an arrow.
The arrow hits you! The arrow burns you. The iguana barely misses you.
The centaur shoots an arrow.
The arrow hits you. The arrow burns you.
You hit the iguana but do no damage.
The iguana is almost dead.
The iguana barely misses you.
The centaur shoots an arrow.
The arrow barely misses you.
You barely miss the iguana.
The iguana is almost dead.
The centaur shoots an arrow.
The arrow hits you! The arrow burns you. The iguana bites you!
* * * LOW HITPOINT WARNING * * *
You punch the iguana!
You kill the iguana!
The centaur shoots an arrow.
The arrow hits you!
You die...

. ... .####### #.#
....(.# #.# ######
####.##.####.# #.....
#.........##.# #.....
#.........##.# #.....
#.........##.# #...[.
##.......)..#.###.....
#....h................
.....c.###.###....#.....
....... #.#....#.......
....... ..#.##.#....>..
....... ...#. .<#.###...
.........B## ##.#.# #...
#...... ..#.###...
#...... ###.......
########


You could see a centaur.

Vanquished Creatures
  Sigmund (D:4)
  A bombardier beetle (D:5)
  2 jellies
  A gnoll bouda (D:5)
  An iguana (D:5)
  6 adders
  3 gnolls (D:5)
  3 dart slugs
  A ribbon worm (D:2)
  10 orcs
  4 ball pythons
  4 endoplasms
  2 giant cockroaches
  2 goblins
  4 hobgoblins
  7 jackals
  3 kobolds
  2 quokkas
  6 bats
  A frilled lizard (D:1)
  2 rats
66 creatures vanquished.

Notes
Turn   | Place    | Note
-------+----------+-------------------------------------------
     0 | D:1      | monsoonserge the Gnoll Shapeshifter began the quest for the
                  | Orb.
     0 | D:1      | Reached XP level 1. HP: 17/17 MP: 1/1
   542 | D:1      | Reached XP level 2. HP: 23/23 MP: 2/2
  1080 | D:1      | Reached XP level 3. HP: 19/28 MP: 3/3
  1159 | D:2      | Reached skill level 1 in Invocations
  1279 | D:2      | Reached skill level 1 in Short Blades
  1279 | D:2      | Reached skill level 1 in Long Blades
  1279 | D:2      | Reached skill level 1 in Axes
  1279 | D:2      | Reached skill level 1 in Maces & Flails
  1279 | D:2      | Reached skill level 1 in Polearms
  1279 | D:2      | Reached skill level 1 in Staves
  1279 | D:2      | Reached skill level 1 in Ranged Weapons
  1279 | D:2      | Reached skill level 1 in Throwing
  1279 | D:2      | Reached skill level 1 in Armour
  1279 | D:2      | Reached skill level 1 in Stealth
  1279 | D:2      | Reached skill level 1 in Shields
  1279 | D:2      | Reached skill level 1 in Spellcasting
  1279 | D:2      | Reached skill level 1 in Evocations
  1279 | D:2      | Reached XP level 4. HP: 19/34 MP: 5/5
  1498 | D:2      | Reached skill level 1 in Conjurations
  1498 | D:2      | Reached skill level 1 in Hexes
  1498 | D:2      | Reached skill level 1 in Summonings
  1498 | D:2      | Reached skill level 1 in Necromancy
  1498 | D:2      | Reached skill level 1 in Translocations
  1498 | D:2      | Reached skill level 1 in Fire Magic
  1498 | D:2      | Reached skill level 1 in Ice Magic
  1498 | D:2      | Reached skill level 1 in Air Magic
  1498 | D:2      | Reached skill level 1 in Earth Magic
  1498 | D:2      | Reached skill level 1 in Alchemy
  1829 | D:3      | Found a transporter.
  1830 | D:3      | Noticed jimmypageman's ghost (amateur MiFi)
  1836 | D:3      | Found a transporter.
  2073 | D:3      | Reached XP level 5. HP: 39/40 MP: 7/7
  2706 | D:4      | Noticed Sigmund
  2729 | D:4      | Killed Sigmund
  2730 | D:4      | Reached skill level 5 in Dodging
  2730 | D:4      | Reached XP level 6. HP: 26/47 MP: 7/9
  2879 | D:4      | Found Tyteav's Antique Weapon Shop.
  3184 | D:5      | Entered Level 5 of the Dungeon
  3284 | D:5      | Reached skill level 7 in Unarmed Combat
  3284 | D:5      | Reached XP level 7. HP: 36/52 MP: 10/10
  3367 | D:5      | Shot with an arrow by a centaur

Illustrated notes

Levels and vault maps discovered:
D:1:      mushboom_english_gardens, layout_basic
D:2:      layout_rooms
D:3:      layout_loops_ring, gammafunk_ghost_mausoleum, columned_hall_lemuel,
          serial_park_tiny_1
D:4:      layout_gridville, serial_shops, nicolae_square_shop,
          mrwooster_statue_mirror, uniq_sigmund
D:5:      layout_basic, minmay_temple_entry_junction

Skill      XL: |  1  2  3  4  5  6 |
---------------+-------------------+-----
Invocations    | 1 2 |  2.5
Short Blades   | 1 2 |  2.3
Long Blades    | 1 2 |  2.3
Axes           | 1 2 |  2.3
Maces & Flails | 1 2 |  2.3
Polearms       | 1 2 |  2.3
Staves         | 1 2 |  2.3
Ranged Weapons | 1 2 |  2.3
Throwing       | 1 2 |  2.3
Armour         | 1 2 |  2.3
Stealth        | 1 2 |  2.3
Shields        | 1 2 |  2.3
Spellcasting   | 1 2 |  2.3
Evocations     | 1 2 |  2.3
Conjurations   | 1 |  1.8
Hexes          | 1 |  1.8
Summonings     | 1 |  1.8
Necromancy     | 1 |  1.8
Translocations | 1 |  1.8
Fire Magic     | 1 |  1.8
Ice Magic      | 1 |  1.8
Air Magic      | 1 |  1.8
Earth Magic    | 1 |  1.8
Alchemy        | 1 |  1.8
Fighting       | 3 |  3.5
Dodging        | 5 |  5.1
Unarmed Combat | 7 |  7.0
Shapeshifting  | |  6.9

Action                     |  1- 3 |  4- 6 |  7- 9 || total
---------------------------+-------+-------+-------++-------
  Melee: Unarmed           |    64 |   115 |     5 ||   184
         Bite              |     6 |     5 |       ||    11
         Punch             |       |     6 |       ||     6
  Throw: Dart              |       |     4 |       ||     4
    Use: Potion            |       |     2 |       ||     2
 Armour: Animal skin       |     5 |       |       ||     5
         Skin              |    12 |    22 |       ||    34
         Ring mail         |    13 |    52 |     7 ||    72
  Dodge: Dodged            |    54 |    46 |     3 ||   103
   Form: Flux              |     1 |       |       ||     1
         Beast             |     1 |       |       ||     1
